 Dungeon Crawl Stone Soup version 0.26-a0-712-ga5a9c9c9d0 (webtiles) character file.

Game seed: 14635773412796841225

180 kae the Insei (level 5, -1/31 HPs)
             Began as a Tengu Transmuter on Nov 12, 2020.
             Killed by divine providence
             ... invoked by an orc priest
              (14 damage)
             ... on level 3 of the Dungeon.
             The game lasted 00:01:50 (3648 turns).

kae the Insei (Tengu Transmuter)                    Turns: 3648, Time: 00:01:50

Health: -1/31      AC:  4    Str: 11    XL:     5   Next: 60%
Magic:  8/9        EV: 15    Int: 14    God:
Gold:   174        SH:  0    Dex: 14    Spells: 4/8 levels left

rFire    . . .     SeeInvis .     - Unarmed
rCold    . . .     Faith    .   (no shield)
rNeg     . . .     Spirit   .   a - +1 robe
rPois    .         Reflect  .   (helmet currently unavailable)
rElec    .         Harm     .   c - +0 cloak
rCorr    .         Rampage  .   (no gloves)
MR       .....                  (boots unavailable)
Stlth    +.........             (no amulet)
HPRegen  0.10/turn              (no ring)
MPRegen  0.11/turn              (no ring)

@: appendages, flying quickly and evasively, quick
A: beak, horns 2, talons 3, able to fly
a: Stop Flying, End Transformation


You were on level 3 of the Dungeon.
You had grown temporary horns.
You visited 1 branch of the dungeon, and saw 4 of its levels.

You collected 174 gold pieces.

Inventory:

Armour
 a - a +1 robe (worn)
 c - a +0 cloak (worn)
Jewellery
 e - an uncursed ring of resist corrosion
Wands
 j - a wand of polymorph (16)
 m - a wand of random effects (14)
Scrolls
 b - 5 scrolls of identify
 f - a scroll of teleportation
 g - a scroll of remove curse {unknown}
 k - a scroll of enchant weapon
 l - a scroll of fear {unknown}
 n - a scroll of magic mapping
Potions
 d - a potion of mutation {unknown}
 h - 2 potions of stabbing
 i - 2 potions of magic {unknown}


   Skills:
 + Level 2.3 Fighting
 - Level 2.1 Dodging
 + Level 4.1 Unarmed Combat
 - Level 2.0 Spellcasting
 * Level 3.1 Transmutations
 * Level 2.2 Poison Magic


You had 4 spell levels left.
You knew the following spells:

 Your Spells              Type           Power        Failure   Level
a - Beastly Appendage     Tmut           ##....       7%          1
b - Spider Form           Tmut/Pois      #.........   24%         3

Your spell library contained the following spells:

 Spells                   Type           Power        Failure   Level
 Wereblood                Tmut           ##......     10%         2
 Ice Form                 Ice/Tmut       #.......     77%         4
 Blade Hands              Tmut           ##........   88%         5


Dungeon Overview and Level Annotations

Branches:
Dungeon (4/15)
 Temple: D:4-7

Altars:


Innate Abilities, Weirdness & Mutations

You have a beak for a mouth.
You have claws for feet.
You can fly continuously.
You have a pair of horns on your head.


Message History

You completely miss the orc priest. Your peck misses the orc priest.
The orc priest is moderately wounded.
The orc priest barely misses you.
You closely miss the orc priest.
You peck the orc priest, but do no damage.
The orc priest is moderately wounded.
You hit the orc priest but do no damage.
Your kick misses the orc priest.
The orc priest is moderately wounded.
The orc priest hits you with a +0 club.
You are too injured to fight recklessly!
You are too injured to fight recklessly!
You are too injured to fight recklessly!
You are too injured to fight recklessly!
Casting: Spider Form (quite dangerous; 24% risk of failure)
Confirm with . or Enter, or press ? or * to list all spells.
You grow a pair of large bovine horns.
The orc priest hits you with a +0 club.
The orc priest calls down the wrath of Beogh upon you.
Beogh smites you!
You die...

......#.#
#.#.####.##.....#
#. #####.#.# #.#.#
#.##.....# #.
#>#.# #.#.#
#.##.....# #.
#.#.# #.#.#
#.###...## #.
#.#[######.#.#
#.###.#.# #. #
#.#........#.#
#.......## #. #
#.##########.#
#####..#.###. #
#.# #.#
#####.###.##. #
#.# #@####....##
##.#. #####.#
#.o........###.##.
..†...#
######.####.#.###.
####### #.# #..##
#. # #.# #..# #.
## #.#####.# #. .#
#.#.....# #. ##
#.#.##### #. #
#.#.# #.


You could see an orc priest.

Vanquished Creatures
  A hound (D:2)
  Jessica (D:2)
  Ijyb (D:3)
  Robin (D:3)
  2 adders (D:2)
  An ooze (D:2)
  3 leopard geckos
  An orc (D:3)
  A bat (D:1)
  3 giant cockroaches
  14 goblins
  12 hobgoblins
  3 jackals (D:2)
  A ball python (D:2)
  2 frilled lizards
  7 kobolds
  9 rats
63 creatures vanquished.

Notes
Turn   | Place    | Note
-------+----------+-------------------------------------------
     0 | D:1      | kae the Tengu Transmuter began the quest for the Orb.
     0 | D:1      | Reached XP level 1. HP: 12/12 MP: 4/4
   460 | D:1      | Reached XP level 2. HP: 15/16 MP: 4/6
  1031 | D:2      | Reached XP level 3. HP: 19/20 MP: 7/7
  1036 | D:2      | Learned a level 3 spell: Spider Form
  1556 | D:2      | Reached skill level 1 in Poison Magic
  1556 | D:2      | Reached XP level 4. HP: 5/26 MP: 6/8
  2118 | D:2      | Noticed Jessica
  2126 | D:2      | Killed Jessica
  2186 | D:2      | Reached skill level 4 in Unarmed Combat
  2186 | D:2      | Gained mutation: You can fly continuously. [Tengu growth]
  2186 | D:2      | Reached XP level 5. HP: 29/30 MP: 7/9
  2823 | D:3      | Noticed Ijyb
  2838 | D:3      | Killed Ijyb
  3128 | D:3      | Noticed Robin
  3372 | D:3      | Killed Robin
  3636 | D:4      | Noticed an ogre
  3636 | D:4      | Noticed an orc warrior
  3648 | D:3      | Killed from afar by an orc priest

Illustrated notes

Levels and vault maps discovered:
D:1:      enne_arrival_octagon_isle, layout_basic, minmay_tetromino_t2
D:2:      layout_rooms, minmay_misc_feat_chi, chequers_hall_statues_wall_a,
          kennysheep_generic_room_8, uniq_jessica
D:3:      layout_loops_ring, serial_bayou_ford_a, uniq_robin, uniq_ijyb
D:4:      layout_rooms

Skill      XL: |  1  2  3  4  5 |
---------------+----------------+-----
Transmutations | 2 3 |  3.1
Fighting       | 2 |  2.3
Poison Magic   | 1 2 |  2.2
Unarmed Combat | 4 |  4.1
Dodging        | |  2.1
Spellcasting   | |  2.0

Action                   |  1- 3 |  4- 6 || total
-------------------------+-------+-------++-------
Melee: Unarmed           |    88 |   106 ||   194
       Peck              |    10 |     7 ||    17
       Kick              |    16 |    11 ||    27
       Headbutt          |     4 |     8 ||    12
       Punch             |     3 |     1 ||     4
 Cast: Beastly Appendage |    14 |     8 ||    22
       Spider Form       |       |     2 ||     2
 Abil: Fly               |       |     1 ||     1
  Use: Potion            |     2 |       ||     2
       Scroll            |       |     6 ||     6
Armor: Robe              |    13 |     5 ||    18
       Skin              |       |     1 ||     1
Dodge: Dodged            |    60 |    55 ||   115

Table legend: (Time is in decaauts)
 A = Elapsed time spent in this place.
 B = Non-inter-level travel time spent in this place.
 C = Inter-level travel time spent in this place.
 D = Time resting spent in this place.
 E = Time spent auto-exploring this place.
 F = Levels seen in this place.
 G = Mean time per level.
                   A        B        C        D        E       F      G
               +--------+--------+--------+--------+--------+-----+--------+
         Total |   3536 |   3458 |     78 |    222 |   2811 |   4 |  884.0 |
       Dungeon |   3536 |   3458 |     78 |    222 |   2811 |   4 |  884.0 |
               +--------+--------+--------+--------+--------+-----+--------+

Top non-repeatable levels by time:
     D:2: 1658 daAuts
     D:1: 1022 daAuts
     D:3: 854 daAuts
     D:4: 1 daAuts
